 Dungeon Crawl Stone Soup version 0.23.0 (webtiles) character file.

Game seed: 7633584002118217110

455 MisterOstroum the Shield-Bearer (level 7, 0/44 HPs)
             Began as a Gargoyle Fighter on Feb 15, 2019.
             Was a Believer of Dithmenos.
             Shot with an arrow by a centaur (2 damage)
             ... on level 5 of the Dungeon.
             The game lasted 00:35:11 (3942 turns).

MisterOstroum the Shield-Bearer (Gargoyle Fighter)  Turns: 3942, Time: 00:35:11

Health: 0/44       AC: 10    Str: 21      XL:     7   Next: 5%
Magic:  7/7        EV:  8    Int:  7 (9)  God:    Dithmenos [**....]
Gold:   159        SH: 10    Dex:  8 (9)  Spells: 6/6 levels left

rFire    . . .     SeeInvis .   k - +1 mace (crush)
rCold    . . .     Gourm    .   c - +1 shield
rNeg     + . .     Faith    .   h - +0 ring mail
rPois    ∞         Spirit   .   (no helmet)
rElec    +         Reflect  .   (no cloak)
rCorr    .         Harm     .   (no gloves)
MR       .....                  (no boots)
Stlth    +.........             (no amulet)
HPRegen  0.14/turn              (no ring)
MPRegen  0.10/turn              (no ring)

@: wreathed by umbra
A: negative energy resistance 1, electricity resistance, unbreathing,
petrification resistance, rot immunity, AC +4
a: Shadow Step, Renounce Religion


You were on level 5 of the Dungeon.
You worshipped Dithmenos.
Dithmenos was pleased with you.
You were not hungry.

You visited 1 branch of the dungeon, and saw 5 of its levels.

You collected 159 gold pieces.

Inventory:

Hand Weapons
 a - a +0 flail
 d - a +0 shortbow
 k - a +1 mace of crushing (weapon)
 l - a +0 morningstar
 m - a +2 hand axe of electrocution
 s - a +0 quarterstaff
 w - a +0 arbalest
Missiles
 e - a throwing net (quivered)
 g - 63 sling bullets
 i - 130 stones
 r - 76 arrows
 v - 19 bolts
Armour
 b - a +0 scale mail
 c - a +1 shield (worn)
 h - a +0 ring mail (worn)
 q - a +0 chain mail
Scrolls
 o - 2 scrolls of identify
 p - a scroll of remove curse
 x - a scroll of vulnerability
Potions
 n - a potion of degeneration
Comestibles
 f - 4 rations


   Skills:
 * Level 5.2 Fighting
 - Level 1.6(2.3) Axes
 * Level 2.7(3.0) Maces & Flails
 + Level 4.3 Armour
 + Level 2.4 Stealth
 * Level 5.3 Shields


You had 6 spell levels left.
You didn't know any spells.
Your spell library was empty.

Dungeon Overview and Level Annotations

Branches:
Dungeon (5/15)
 Temple: D:4-7

Altars:
Dithmenos
Elyvilon
Fedhas
Kikubaaqudgha
Zin

Annotations:
D:3 exclusion: oklob plant


Innate Abilities, Weirdness & Mutations

You are resistant to torment.
Your stone body is resilient. (AC +4)
You are immune to poison.
You resist negative energy. (rN+)
You are resistant to electric shocks. (rElec)
You can survive without breathing.
You are immune to petrification.
You are immune to rotting.


Message History

The adder bites you but does no damage.
The centaur shoots an arrow.
You block the arrow.
You see here an arrow.
The scorpion stings you but does no damage.
The centaur shoots an arrow.
You block the arrow.
You see here an arrow.
The centaur shoots an arrow.
The arrow hits you but does no damage.
Found a ration.
You see here an arrow.
The centaur shoots an arrow.
You block the arrow.
The centaur shoots an arrow.
The arrow hits you!
* * * LOW HITPOINT WARNING * * *
You see here an arrow.
The centaur shoots an arrow.
The arrow barely misses you.
Found a club.
The centaur shoots an arrow.
You block the arrow.
The centaur shoots an arrow.
You block the arrow.
You see here 2 arrows.
The centaur shoots an arrow.
The arrow hits you.
You die...

... #.....##..#### ##
.... ##....).#..... #.
....##......#...#.### #.
...........##...#...# #.
...........##%.#....# #
...........##..#....####
#.....(.##........##.
#...@(sS.o(o...(....(
...........c.........#..
........................
#.......................
#.......................
....................#...
........#........##.##..
.....................###
... . .. #


You could see an orc warrior, a centaur, a scorpion, an adder and an orc.

Vanquished Creatures
  A sky beast (D:5)
  A centaur (D:5)
  A water moccasin skeleton (D:5)
  A crimson imp (D:5)
  An orc wizard (D:4)
  A worker ant (D:4)
  6 adders
  5 worms
  2 dart slugs
  4 leopard geckos
  7 orcs
  8 bats
  3 giant cockroaches
  7 goblins
  6 hobgoblins
  2 jackals (D:2)
  5 quokkas
  A ball python (D:1)
  4 frilled lizards
  8 kobolds
  A quokka zombie (D:5)
  4 rats
79 creatures vanquished.

Notes
Turn   | Place    | Note
-------+----------+-------------------------------------------
     0 | D:1      | MisterOstroum the Gargoyle Fighter began the quest for the
                  | Orb.
     0 | D:1      | Reached XP level 1. HP: 14/14 MP: 1/1
   116 | D:2      | Reached XP level 2. HP: 17/19 MP: 2/2
   232 | D:2      | Found a shadowy altar of Dithmenos.
   247 | D:2      | Became a worshipper of Dithmenos the Shadowed
   316 | D:2      | Reached XP level 3. HP: 23/23 MP: 3/3
   588 | D:1      | Reached * piety under Dithmenos
  1252 | D:3      | Reached XP level 4. HP: 29/29 MP: 4/4
  1455 | D:3      | Found a glowing silver altar of Zin.
  1645 | D:3      | Reached skill level 1 in Stealth
  1845 | D:3      | Found a blossoming altar of Fedhas.
  1882 | D:3      | Noticed an oklob plant
  2122 | D:4      | Found an ancient bone altar of Kikubaaqudgha.
  2238 | D:4      | Reached XP level 5. HP: 28/33 MP: 5/5
  2280 | D:4      | Reached skill level 1 in Axes
  2284 | D:4      | Reached ** piety under Dithmenos
  2584 | D:4      | Found a white marble altar of Elyvilon.
  3232 | D:5      | Entered Level 5 of the Dungeon
  3232 | D:5      | Noticed a centaur
  3245 | D:5      | Killed a centaur
  3245 | D:5      | Reached XP level 6. HP: 7/40 MP: 6/6
  3249 | D:5      | Reached skill level 5 in Shields
  3565 | D:5      | Reached skill level 5 in Fighting
  3679 | D:5      | Noticed a sky beast
  3721 | D:5      | Killed a sky beast
  3721 | D:5      | Reached XP level 7. HP: 26/44 MP: 7/7
  3878 | D:5      | HP: 2/44 [orc warrior/+2 dire flail of crushing (1)]
  3936 | D:5      | HP: 2/44 [centaur/arrow (7)]
  3942 | D:5      | Shot with an arrow by a centaur

Skill      XL: |  1  2  3  4  5  6 |
---------------+-------------------+-----
Shields        | 4 5 |  5.3
Fighting       | 4 5 |  5.2
Stealth        | 1 2 |  2.4
Axes           | 1 |  1.6
Armour         | 4 |  4.3
Maces & Flails | |  2.7

Action                   |  1- 3 |  4- 6 |  7- 9 || total
-------------------------+-------+-------+-------++-------
Melee: Flail             |    45 |       |       ||    45
       Hand axe          |    71 |   105 |       ||   176
       Morningstar       |       |    27 |     9 ||    36
       Mace              |       |       |     6 ||     6
Throw: Stone             |       |     1 |       ||     1
Invok: Shadow Step       |       |       |     1 ||     1
  Use: Potion            |       |     7 |     1 ||     8
       Scroll            |       |     8 |       ||     8
 Stab: Sleeping          |       |     1 |       ||     1
  Eat: Chunk             |     1 |     6 |       ||     7
       Ration            |       |     1 |     1 ||     2
Armor: Scale mail        |    12 |       |       ||    12
       Ring mail         |    42 |    69 |    13 ||   124
Dodge: Dodged            |    56 |    49 |    13 ||   118
Block: Shield            |    53 |    76 |    28 ||   157
